 Dungeon Crawl Stone Soup version 0.29-a0-321-gf1c400731a (webtiles) character file.

Game seed: 4138042479532030552

314 sammy202020 the Skirmisher (level 6, 0/65 (68) HPs)
             Began as an Ogre Monk on Apr 4, 2022.
             Slain by an ogre
             ... wielding a +0 giant spiked club
              (7 damage)
             ... on level 4 of the Dungeon.
             The game lasted 00:03:52 (2972 turns).

sammy202020 the Skirmisher (Ogre Monk)              Turns: 2972, Time: 00:03:52

HP:   0/65 (68)     AC:  4    Str: 18    XL:     6   Next: 43%
MP:   6/6           EV: 10    Int: 11    God:
Gold: 227           SH:  0    Dex: 11    Spells: 5/5 levels left

rFire   . . .      SeeInvis .   h - +0 great mace
rCold   + . .      Faith    .   (shield currently unavailable)
rNeg    . . .      Spirit   .   b - +0 robe
rPois   .          Reflect  .   (helmet restricted)
rElec   .          Harm     .   k - +0 cloak
rCorr   .          Rampage  .   (gloves unavailable)
Will    .....                   (boots unavailable)
Stlth   ++........              (no amulet)
HPRegen 0.20/turn               c - ring of protection from cold
MPRegen 0.10/turn               (no ring)

@: lightly drained
A: large, unfitting armour, tough skin 1
a: no special abilities


You were on level 4 of the Dungeon.
You visited 1 branch of the dungeon, and saw 4 of its levels.

You collected 227 gold pieces.

Inventory:

Hand Weapons
 a - a +0 mace
 h - a +0 great mace (weapon)
Armour
 b - a +0 robe (worn)
 k - a +0 cloak (worn)
Jewellery
 c - a ring of protection from cold (left hand)
 d - a ring of wizardry
 n - a ring of protection from fire
Scrolls
 i - a scroll of teleportation
Potions
 e - a potion of brilliance
 f - a potion of curing {unknown}
 g - a potion of mutation {unknown}
 j - a potion of attraction {unknown}
 l - a potion of invisibility {unknown}
 m - a potion of heal wounds {unknown}


   Skills:
 * Level 6.5 Fighting
 * Level 4.5 Maces & Flails
 + Level 3.7 Dodging
 - Level 1.4 Stealth


You had 5 spell levels left.
You didn't know any spells.
Your spell library contained the following spells:

 Spells                   Type           Power      Damage    Failure   Level
 Shock                    Conj/Air       0%         1d3       34%         1
 Leda's Liquefaction      Hex/Erth       0%         N/A       98%         4
 Lee's Rapid Deconstruct  Erth           0%         3d5*      100%        5
 Statue Form              Tmut/Erth      0%         N/A       100%        6


Dungeon Overview and Level Annotations

Branches:
Dungeon (4/15)
 Temple: D:4-7

Altars:


Innate Abilities, Weirdness & Mutations

You are too large for most types of armour.
You have tough skin. (AC +1)


Message History

No target in view!
No target in view!
No target in view!
No target in view!
No target in view!
No target in view!
No target in view!
You see here a ball python corpse.
You now have 227 gold pieces (gained 8).
You open the door.
There is an open door here.
n - a ring of protection from fire An ogre comes into view.
It is wielding a +0 giant spiked club.
Found a metallic amethyst potion.
An ogre is nearby!
The ogre hits you with a +0 giant spiked club!
You closely miss the ogre. The ogre barely misses you.
You bludgeon the ogre!!
The ogre is severely wounded.
The ogre hits you with a +0 giant spiked club!!
You are too injured to fight recklessly!
You are too injured to fight recklessly!
You are too injured to fight recklessly!
You are too injured to fight recklessly!
You are too injured to fight recklessly!
You are too injured to fight recklessly!
You are too injured to fight recklessly!
You are too injured to fight recklessly!
You are too injured to fight recklessly!
You are too injured to fight recklessly!
Sorry, you're not good enough to have a special ability.
Okay, then.
You closely miss the ogre.
The ogre is severely wounded.
The ogre hits you with a +0 giant spiked club!!
* * * LOW HITPOINT WARNING * * *
You thump the ogre!
The ogre is almost dead.
The ogre hits you with a +0 giant spiked club!
You die...

#..##..............#
###..##...#####......####
#........## ##...#.....
#.#...#..# ##.#######
#......# #.# #.###.##.#
#.# #........# ##'##
#........# ##...##
#.###.##@# ##.....## #
#.#O.# ##.......## #....#
#.........### #.....
+...†.....+.. ##.!.#
#.........### ....#
##.......## ##.###
##.....## #. ##...##
##'##


You could see an ogre.

Vanquished Creatures
  Sigmund (D:2)
  An iguana (D:4)
  An orc wizard (D:3)
  2 adders (D:2)
  4 dart slugs (D:1)
  8 orcs (D:3)
  4 bats
  7 endoplasms
  2 giant cockroaches
  5 hobgoblins
  7 jackals
  4 kobolds
  2 quokkas
  7 ball pythons
  6 frilled lizards
  2 goblins
  5 rats
68 creatures vanquished.

Notes
Turn   | Place    | Note
-------+----------+-------------------------------------------
     0 | D:1      | sammy202020 the Ogre Monk began the quest for the Orb.
     0 | D:1      | Reached XP level 1. HP: 24/24 MP: 1/1
   160 | D:1      | Reached XP level 2. HP: 29/32 MP: 2/2
   438 | D:1      | Reached XP level 3. HP: 21/40 MP: 3/3
  1140 | D:2      | Found a faded altar of an unknown god.
  1152 | D:2      | Got Plato's Guide on Conjuration
  1467 | D:2      | Reached skill level 5 in Fighting
  1467 | D:2      | Reached XP level 4. HP: 38/50 MP: 4/4
  1706 | D:2      | Noticed Sigmund
  1718 | D:2      | Killed Sigmund
  1719 | D:2      | Reached skill level 6 in Fighting
  1719 | D:2      | Reached XP level 5. HP: 41/59 MP: 5/5
  1722 | D:2      | Reached XP level 6. HP: 47/67 MP: 6/6
  2972 | D:4      | Slain by an ogre

Illustrated notes

Levels and vault maps discovered:
D:1:      shiori_arrival_elements, layout_rooms, corexii_corridor_pit,
          chequers_arboretum
D:2:      layout_basic, shapermc_ecumenical_altar_rom_forum, minmay_hedge_maze,
          uniq_sigmund
D:3:      layout_rooms
D:4:      minmay_angry_zag, layout_loops_corners, nzn_hepliaklqana_mist_gate

Skill      XL: |  1  2  3  4 |
---------------+-------------+-----
Maces & Flails | 3 4 |  4.5
Dodging        | 3 |  3.7
Fighting       | 5 6 |  6.5
Stealth        | |  1.4

Action                   |  1- 3 |  4- 6 || total
-------------------------+-------+-------++-------
Melee: Mace              |   102 |    36 ||   138
       Punch             |     3 |       ||     3
       Great mace        |       |    80 ||    80
  Use: Scroll            |     4 |     4 ||     8
       Potion            |     1 |     1 ||     2
 Stab: Sleeping          |     1 |     2 ||     3
Armor: Robe              |    37 |    42 ||    79
Dodge: Dodged            |    66 |    66 ||   132

Table legend: (Time is in decaauts)
 A = Elapsed time spent in this place.
 B = Non-inter-level travel time spent in this place.
 C = Inter-level travel time spent in this place.
 D = Time resting spent in this place.
 E = Time spent auto-exploring this place.
 F = Levels seen in this place.
 G = Mean time per level.
                   A        B        C        D        E       F      G
               +--------+--------+--------+--------+--------+-----+--------+
         Total |   3023 |   2975 |     48 |      0 |   2330 |   4 |  755.8 |
       Dungeon |   3023 |   2975 |     48 |      0 |   2330 |   4 |  755.8 |
               +--------+--------+--------+--------+--------+-----+--------+

Top non-repeatable levels by time:
     D:1: 1158 daAuts
     D:2: 984 daAuts
     D:3: 694 daAuts
     D:4: 185 daAuts
